 Dungeon Crawl Stone Soup version 0.31-a0-1025-g2e47921a08 (webtiles) character file.

Game seed: 12711977383558042474

986 Turgor the Conjurer (level 7, -4/52 HPs)
             Began as a Demonspawn Conjurer on Nov 17, 2023.
             Was an Initiate of Gozag.
             Slain by Edmund
             ... wielding a +2 dire flail of protection
              (8 damage)
             ... on level 4 of the Dungeon.
             The game lasted 00:30:06 (5036 turns).

Turgor the Conjurer (Demonspawn Conjurer)           Turns: 5036, Time: 00:30:07

Health: -4/52      AC: 10    Str: 12    XL:     7   Next: 97%
Magic:  3/13       EV: 12    Int: 19    God:    Gozag
Gold:   195        SH:  0    Dex:  8    Spells: 4/14 levels left

rFire   . . .        j - +3 rapier "Jelly's Demise" {flame, *Rage rPois rCorr Str+3}
rCold   . . .        (no shield)
rNeg    . . .        k - +0 robe "Hepleogh" {Will++ Dex-4 SInv Stlth+}
rPois   +            (no helmet)
rElec   .            n - +0 cloak
rCorr   +            (no gloves)
SInv    +            m - +0 pair of boots
Will    ++...        (no amulet)
Stlth   +++          (no ring)
HPRegen 0.28/turn    (no ring)
MPRegen 0.26/turn

%: random rage (20%)
@: sanguine armoured
A: hooves 2, magic regeneration, sanguine armour 1
a: Renounce Religion, Potion Petition, Call Merchant, Bribe Branch


You were on level 4 of the Dungeon.
You worshipped Gozag.
Gozag was aware of your devotion.
You visited 2 branches of the dungeon, and saw 6 of its levels.

You collected 470 gold pieces.
You spent 225 gold pieces at shops.
You paid 50 gold pieces to Gozag.

Inventory:

Hand Weapons
 j - the +3 rapier "Jelly's Demise" (weapon) {flame, *Rage rPois rCorr Str+3}
   (You found it on level 3 of the Dungeon)

   Str+3:     It affects your strength (+3).
   rPois:     It protects you from poison *Rage: It berserks you when you make
   melee attacks (+20% chance).
   rCorr:     It protects you from acid and corrosion.
Armour
 k - the +0 robe "Hepleogh" (worn) {Will++ Dex-4 SInv Stlth+}
   (You found it on level 2 of the Dungeon)

   Dex-4:     It affects your dexterity (-4).
   Will++:    It greatly increases your willpower.
   SInv:      It lets you see invisible.
   Stlth+:    It makes you more stealthy.
 m - a +0 pair of boots (worn)
 n - a +0 cloak (worn)
Wands
 u - a wand of flame (6)
 z - a wand of charming (9)
Scrolls
 d - 2 scrolls of blinking
 e - 4 scrolls of noise {unknown}
 f - a scroll of revelation
 h - a scroll of silence {unknown}
 i - a scroll of vulnerability
 o - a scroll of amnesia {unknown}
 s - 2 scrolls of poison {unknown}
 t - a scroll of brand weapon {unknown}
 v - a scroll of butterflies {unknown}
 w - a scroll of teleportation {unknown}
 x - a scroll of fog {unknown}
 y - a scroll of immolation {unknown}
Potions
 g - 3 potions of brilliance
 l - a potion of invisibility
 q - 2 potions of resistance
 r - a potion of mutation
 A - a potion of attraction


   Skills:
 + Level 3.5 Fighting
 - Level 2.0 Dodging
 - Level 2.0 Stealth
 + Level 4.1 Spellcasting
 * Level 6.8 Conjurations
 * Level 4.4 Hexes


You had 4 spell levels left.
You knew the following spells:

 Your Spells              Type           Power      Damage    Failure   Level
a - Magic Dart            Conj           100%       1d8       1%          1
b - Searing Ray           Conj           58%        2d6       1%          2
c - Fulminant Prism       Conj/Hex       12%        3d9       14%         4
d - Dazzling Flash        Conj/Hex       50%        N/A       4%          3

Your spell library contained the following spells:

 Spells                   Type           Power      Damage    Failure   Level
 Ensorcelled Hibernation  Hex/Ice        24%        N/A       9%          2
 Passwall                 Tmut/Erth      2%         N/A       21%         2
 Iskenderun's Mystic Bla  Conj/Tloc      16%        2d5       32%         4
 Swiftness                Air            3%         N/A       38%         3


Dungeon Overview and Level Annotations

Branches:
Dungeon (5/15)             Temple (1/1) D:4

Altars:
Ashenzari
Cheibriados
Dithmenos
Fedhas
Gozag
Hepliaklqana
Makhleb
Nemelex Xobeh
Okawaru
Qazlal
Ru
Sif Muna
Uskayaw
Vehumet
Wu Jian
Xom

Shops:
D:5 *

Annotations:
D:3 2 runed translucent doors, Nonseq's ghost, amateur MfGl
D:4 Edmund


Innate Abilities, Weirdness & Mutations

You have hoof-like feet.
You regenerate magic rapidly.
When seriously injured, your blood forms armour. (AC +6)


Message History

Your fulminant prism crackles loudly.
Edmund hits you with a +2 dire flail of protection.
Unknown command.
You closely miss Edmund.
Edmund is severely wounded.
Your fulminant prism explodes!
The blast of energy engulfs Edmund.
Edmund is severely wounded.
Edmund hits you with a +2 dire flail of protection.
* * * LOW HITPOINT WARNING * * *
Unknown command.
Casting: Fulminant Prism (quite dangerous; 14% risk of failure)
Confirm with . or Enter, or press ? or * to list all spells.
Aiming: Magic Dart (safe; 1% risk of failure)
Press: ? - help, Shift-Dir - straight line The magic dart hits Edmund but does no damage.
Edmund is severely wounded.
Edmund hits you with a +2 dire flail of protection.
* * * LOW HITPOINT WARNING * * *
Unknown command.
You barely miss Edmund.
Edmund is severely wounded.
Edmund hits you with a +2 dire flail of protection!
* * * LOW HITPOINT WARNING * * *
You hit Edmund but do no damage.
Edmund is severely wounded.
Edmund hits you with a +2 dire flail of protection.
* * * LOW HITPOINT WARNING * * *
Unknown command.
Unknown command.
Okay, then.
Unknown command.
Aiming: Charm
Press: ? - help, Shift-Dir - straight line, f - Edmund
Aim: Edmund, wielding a +2 dire flail of protection, wearing a +4 ring mail of poison resistance and quivering stones (severely wounded, chance to affect: 49%) Edmund resists with some effort.
Edmund hits you with a +2 dire flail of protection!
You die...
Edmund says, "I'd like to see a scythe do that!"
Your body crumbles into a pile of gold.

.......##.....##.................
####..........######.###.........
#..........#.##...###.###>####
#......####..##.####..###.#
####......###.............##.##
...............###.####..###..#
.........)....................##
####.#..###.#.##.......#####...#
####.#........##@...#### #.#.#
........##......@..## #.#.##
#####.#...........### #####.#..#
#.#....#........# ##.....#...
#####.........#!.##.###..........
..(...#..##...#.###..#........[..
.######..##.#.#.####.#...........
.## #....#.#....###.............
..# ##.#....#.....###............


You could see Edmund.

Vanquished Creatures
  Menkaure (D:5)
  A water moccasin (D:4)
  An ice beast (D:5)
  2 black bears (D:5)
  A centaur (D:5)
  Blork the orc (D:5)
  A howler monkey (D:5)
  An orc priest (D:4)
  A sleepcap (D:5)
  10 adders
  6 gnolls
  A shadow imp (D:5)
  A worm (D:4)
  A dart slug (D:2)
  7 orcs
  4 ball pythons
  5 bats
  6 endoplasms
  5 giant cockroaches
  3 goblins (D:1)
  6 hobgoblins
  3 jackals (D:4)
  7 kobolds
  4 quokkas
  4 frilled lizards
  2 rats (D:1)
85 creatures vanquished.

Vanquished Creatures (others)
  4 fulminant prisms
4 creatures vanquished.

Grand Total: 89 creatures vanquished

Notes
Turn   | Place    | Note
-------+----------+-------------------------------------------
     0 | D:1      | Turgor the Demonspawn Conjurer began the quest for the Orb.
     0 | D:1      | Reached XP level 1. HP: 13/13 MP: 3/3
   115 | D:1      | Found a faded altar of an unknown god.
   194 | D:1      | Gained mutation: You regenerate magic rapidly. [demonic
                  | ancestry]
   194 | D:1      | Reached XP level 2. HP: 17/20 MP: 3/5
   313 | D:1      | You fall into a shaft and drop 1 floor!
   425 | D:2      | Learned a level 2 spell: Searing Ray
   788 | D:1      | Reached skill level 1 in Fighting
   830 | D:1      | Gained mutation: You have large cloven feet. [demonic
                  | ancestry]
   830 | D:1      | Reached XP level 3. HP: 26/26 MP: 3/6
  1125 | D:2      | Identified the +0 robe "Hepleogh" {Will++ Dex-4 SInv
                  | Stlth+}
  1426 | D:3      | Found a large runed translucent door.
  1426 | D:3      | Found a large runed translucent door.
  1429 | D:3      | Noticed Nonseq's ghost (amateur MfGl)
  1792 | D:3      | Gained mutation: When seriously injured, your blood forms
                  | armour. (AC +6) [demonic ancestry]
  1792 | D:3      | Reached XP level 4. HP: 32/32 MP: 3/8
  1916 | D:3      | Identified the +3 rapier "Jelly's Demise" {flame, *Rage
                  | rPois rCorr Str+3}
  1992 | D:3      | Found a faded altar of an unknown god.
  1996 | D:3      | Found an ornate altar of the Wu Jian Council.
  2211 | D:3      | Found a broken altar of Ashenzari.
  2423 | D:4      | Noticed a water moccasin
  2432 | D:3      | Learned a level 4 spell: Fulminant Prism
  2541 | D:4      | Found a staircase to the Ecumenical Temple.
  2559 | Temple   | Entered the Ecumenical Temple
  2591 | Temple   | Became a worshipper of Gozag Ym Sagoz the Greedy
  2699 | D:4      | Reached skill level 5 in Conjurations
  2706 | D:4      | HP: 1/33 [orc priest/divine providence (12)]
  2708 | D:4      | Reached skill level 1 in Hexes
  2708 | D:4      | Reached XP level 5. HP: 1/38 MP: 1/9
  2923 | D:4      | Noticed Edmund
  3379 | D:4      | Killed a water moccasin
  3380 | D:4      | Reached XP level 6. HP: 45/46 MP: 4/11
  3386 | D:4      | Learned a level 3 spell: Dazzling Flash
  3700 | D:5      | Entered Level 5 of the Dungeon
  3761 | D:5      | Found an iron altar of Okawaru.
  3762 | D:5      | Found a sacrificial altar of Ru.
  3904 | D:5      | Found Yrphontit's Assorted Antiques.
  3912 | D:5      | Bought a long bronze wand for 100 gold pieces
  3912 | D:5      | Bought a scroll of identify for 50 gold pieces
  3912 | D:5      | Bought a scroll labelled XIWEET XEMISEE for 25 gold pieces
  3912 | D:5      | Bought a scroll labelled DAHANL DEGAQE for 25 gold pieces
  3912 | D:5      | Bought a scroll labelled EFUXERGH FAUMI for 25 gold pieces
  4018 | D:5      | Noticed an ice beast
  4029 | D:5      | Killed an ice beast
  4163 | D:5      | Noticed Menkaure
  4166 | D:5      | Killed Menkaure
  4167 | D:5      | Reached skill level 6 in Conjurations
  4167 | D:5      | Gained mutation: You have hoof-like feet. [demonic
                  | ancestry]
  4167 | D:5      | Reached XP level 7. HP: 51/51 MP: 12/12
  4167 | D:5      | Noticed Blork the orc
  4174 | D:5      | Killed Blork the orc
  5036 | D:4      | Slain by Edmund

Illustrated notes

Levels and vault maps discovered:
D:1:      dpeg_arrival_rooms_a, layout_rooms, ebering_ecumenical_altar_mist,
          serial_park_tiny_2, minmay_misc_feat_roman, minmay_tromino_i2
D:2:      layout_basic
D:3:      layout_basic, nicolae_overflow_ecumenical_swirl, lemuel_crystal_altar,
          ebering_ghost_disaster_area
D:4:      layout_rooms, zin_academy, minmay_temple_entry_statues_pillars,
          uniq_edmund
D:5:      layout_gridville, minitemple, nicolae_elyvilon_peaceful_grove,
          nicolae_stop_n_shop_2, serial_library_regret_index_multi,
          nrook_mini_vaults, uniq_blork_the_orc, uniq_menkaure
Temple:   oiseaux_autumnal_temple

Skill      XL: |  1  2  3  4  5  6  7 |
---------------+----------------------+-----
Stealth        | 2 |  2.0
Dodging        | 2 |  2.0
Fighting       | 1 2 3 |  3.5
Spellcasting   | 3 4 |  4.1
Conjurations   | 5 6 |  6.8
Hexes          | 1 2 3 4 |  4.4

Action                     |  1- 3 |  4- 6 |  7- 9 || total
---------------------------+-------+-------+-------++-------
  Melee: Unarmed           |    10 |       |       ||    10
         Spear             |     2 |       |       ||     2
         Rapier            |       |    15 |     4 ||    19
  Throw: Dart              |     3 |       |     5 ||     8
   Cast: Magic Dart        |    69 |    44 |     6 ||   119
         Searing Ray       |     2 |    23 |     9 ||    34
         Fulminant Prism   |       |       |     4 ||     4
  Evoke: Wand              |       |     3 |     1 ||     4
    Use: Scroll            |     3 |     5 |     2 ||    10
         Potion            |     1 |       |     2 ||     3
   Stab: Sleeping          |       |     2 |       ||     2
 Armour: Robe              |    13 |    22 |    34 ||    69
  Dodge: Dodged            |    17 |    21 |     9 ||    47

Table legend: (Time is in decaauts)
 A = Elapsed time spent in this place.
 B = Non-inter-level travel time spent in this place.
 C = Inter-level travel time spent in this place.
 D = Time resting spent in this place.
 E = Time spent auto-exploring this place.
 F = Levels seen in this place.
 G = Mean time per level.
                   A        B        C        D        E       F      G
               +--------+--------+--------+--------+--------+-----+--------+
         Total |   5060 |   4733 |    327 |    625 |   2677 |   6 |  843.3 |
       Dungeon |   4996 |   4732 |    264 |    625 |   2677 |   5 |  999.2 |
        Temple |     64 |      1 |     63 |      0 |      0 |   1 |   64.0 |
               +--------+--------+--------+--------+--------+-----+--------+

Top non-repeatable levels by time:
     D:3: 1289 daAuts
     D:4: 1175 daAuts
     D:5: 1105 daAuts
     D:2: 808 daAuts
     D:1: 616 daAuts
  Temple: 64 daAuts
